cohdb
Replays
Latest Replays
All Replays
Popular Replays
Top Player Replays
Match Explorer
How It Works
Community
CoH3 Stats
Reddit
Sign in to upload your games and track your stats! →
Sign in with Steam
Match 39757270
Unlisted
Match 39757270
Overview
Messages
Build Orders
End
Construct Section Command Post
Selects Canadian Shock Battlegroup
Infantry Section
Infantry Section
Dingo Light Scout Car
Construct Field Infirmary
Selects Offensive Resupply
Selects Canadian Shock Section
Canadian Shock Section
Construct Platoon Command Post
Unlock M3 Stuart Light Tanks
Infantry Training
Selects Incendiary Munitions
M3 Stuart Light Tank
M3 Stuart Light Tank
Canadian Shock Section
Selects Pyrotechnics
Royal Engineer Section
M3 Stuart Light Tank
Selects Churchill Crocodile Heavy Tank
Churchill Crocodile Heavy Tank
Selects Smoke Operation
6-pounder Anti-tank Gun Team
Construct Company Command Post
Unlock M3 Grant Medium Tanks
M3 Grant Medium Tank
Smoke Operation
M3 Grant Medium Tank
M3 Grant Medium Tank
von
^3
0
0
Comments
sign in to comment!
No comments posted yet!